 Dungeon Crawl Stone Soup version 0.28.0-45-g0d030f2227 (webtiles) character file.

Game seed: 14932258130356653798

3220 Fartwhistle the Destroyer (level 9, -11/67 HPs)
             Began as a Pale Draconian Conjurer on Apr 18, 2022.
             Was a Follower of Hepliaklqana.
             Hit by a large rock thrown by a cyclops (25 damage)
             ... on level 7 of the Dungeon.
             The game lasted 00:25:29 (9093 turns).

Fartwhistle the Destroyer (Pale Draconian Conjurer) Turns: 9093, Time: 00:25:29

Health: -11/67     AC:  9    Str: 11    XL:     9   Next: 66%
Magic:  4/20       EV: 13    Int: 22    God:    Hepliaklqana [*.....]
Gold:   402        SH:  5    Dex: 15    Spells: 9/23 levels left

rFire   . . .      SeeInvis .   g - +4 flail
rCold   . . .      Faith    .   (no shield)
rNeg    . . .      Spirit   .   (armour unavailable)
rPois   +          Reflect  +   (helmet restricted)
rElec   .          Harm     .   u - +0 cloak
rCorr   .          Rampage  .   (no gloves)
Will    .....                   C - +0 pair of boots
Stlth   ++........              w - amulet of reflection
HPRegen 0.21/turn               e - +6 ring of dexterity
MPRegen 0.17/turn               p - ring of poison resistance

@: no status effects
A: reduced essence, breathe steam, AC +7, unfitting armour, cold-blooded, steam
resistance
a: Breathe Steam, Renounce Religion, Recall Ancestor, Ancestor Identity


You were on level 7 of the Dungeon.
You worshipped Hepliaklqana.
Hepliaklqana was aware of your devotion.
You visited 2 branches of the dungeon, and saw 8 of its levels.

You collected 402 gold pieces.

Inventory:

Hand Weapons
 g - a +4 flail (weapon)
Missiles
 A - 2 throwing nets
Armour
 u - a +0 cloak (worn)
 C - a +0 pair of boots (worn)
Jewellery
 b - a ring of positive energy
 c - a ring of ice
 e - a +6 ring of dexterity (left hand)
 l - a ring of resist corrosion
 p - a ring of poison resistance (right hand)
 w - an amulet of reflection (around neck)
 F - a ring of protection from fire
Wands
 B - a wand of iceblast (9)
 E - a wand of mindburst (12)
Scrolls
 d - 2 scrolls of enchant weapon
 f - a scroll of torment
 h - 2 scrolls of blinking {unknown}
 j - a scroll of brand weapon {unknown}
 k - 8 scrolls of teleportation {unknown}
 m - a scroll of enchant armour {unknown}
 o - a scroll of silence {unknown}
 q - a scroll of holy word {unknown}
 t - a scroll of immolation {unknown}
 x - a scroll of vulnerability
 y - a scroll of acquirement {unknown}
 z - a scroll of noise {unknown}
Potions
 a - 3 potions of curing
 i - a potion of attraction
 n - 2 potions of haste {unknown}
 s - a potion of might
 v - a potion of magic
 D - a potion of brilliance {unknown}


   Skills:
 + Level 6.1 Fighting
 - Level 3.0 Dodging
 - Level 1.7 Stealth
 + Level 7.8 Spellcasting
 + Level 9.8 Conjurations


You had 9 spell levels left.
You knew the following spells:

 Your Spells              Type           Power      Damage    Failure   Level
a - Magic Dart            Conj           100%       1d8       1%          1
b - Searing Ray           Conj           100%       2d8       1%          2
c - Dazzling Flash        Conj/Hex       60%        N/A       3%          3
d - Iskenderun's Mystic   Conj/Tloc      30%        2d8       10%         4
e - Fulminant Prism       Conj/Hex       15%        3d11      10%         4

Your spell library contained the following spells:

 Spells                   Type           Power      Damage    Failure   Level
 Sublimation of Blood     Necr           8%         N/A       12%         2
 Wereblood                Tmut           8%         N/A       12%         2
 Summon Hydra             Summ           4%         N/A       100%        7


Dungeon Overview and Level Annotations

Branches:
Dungeon (7/15)             Temple (1/1) D:6

Altars:
Ashenzari
Elyvilon
Fedhas
Gozag
Hepliaklqana
Makhleb
Nemelex Xobeh
Okawaru
Qazlal
Ru
Sif Muna
Trog
Uskayaw
Vehumet
Xom
Yredelemnul
Zin
The Shining One

Shops:
D:6 (

Annotations:
D:6 exclusion: hydra


Innate Abilities, Weirdness & Mutations

Your life essence is reduced to manifest your ancestor. (-10% HP)
You can breathe blasts of scalding, opaque steam.
Your pale cyan-grey scales are hard. (AC +7)
You cannot fit into any form of body armour.
You are cold-blooded and may be slowed by cold attacks.
You are immune to the effects of steam.


Message History

Something hits you.
* * * LOW HITPOINT WARNING * * *
Aiming: Breathe Steam (1% risk of failure)
Press: ? - help, Shift-Dir - straight line You exhale a blast of scalding steam.
The ball of steam hits something.
Something hits you but does no damage.
Casting: Searing Ray (safe; 1% risk of failure)
Confirm with . or Enter, or press ? or * to list all spells.
Okay, then.
Casting: Searing Ray (safe; 1% risk of failure)
Confirm with . or Enter, or press ? or * to list all spells.
Casting: Dazzling Flash (dangerous; 3% risk of failure)
Press: ? - help, Dir - look around, f - activate Dr.
Steeve Brule avoids your attack.
The cyclops is dazzled.
The cyclops misses Dr.
Steeve Brule.
Something hits you.
* * * LOW HITPOINT WARNING * * *
Unknown command.
Casting: Dazzling Flash (dangerous; 3% risk of failure)
Confirm with . or Enter, or press ? or * to list all spells.
Casting: Dazzling Flash (dangerous; 3% risk of failure)
Press: ? - help, Dir - look around, f - activate Dr.
Steeve Brule avoids your attack. Something hits you.
* * * LOW HITPOINT WARNING * * *
Something hits you but does no damage.
As you read the scroll labelled YFRIMUECVY, it crumbles to dust.
You assume a fearsome visage.
The cyclops resists with some effort.
It was a scroll of fear.
The cyclops barely misses Dr.
Steeve Brule.
Casting: Dazzling Flash (dangerous; 3% risk of failure)
Confirm with . or Enter, or press ? or * to list all spells.
Aiming: Searing Ray (safe; 1% risk of failure)
Press: ? - help, Shift-Dir - straight line (Press . to maintain the ray.)
You have got your breath back.
The cyclops hits Dr.
Steeve Brule!!
The cyclops throws a large rock.
The large rock hits Dr.
Steeve Brule!!
Dr.
Steeve Brule is destroyed!
The cyclops is no longer blind.
The cyclops throws a large rock.
The large rock hits you!!
You die...

...##
#..##.##.##.##.......#
...# #.##†## e# ##..#####
...## #.#)## .# #..#
....########.#.# .# #..#
.............#.# # #.##
..#########..#C# #.#
....# #..#.## .#.# .####
#..##.## .####### ##
#...##@#####.###..#..## #
#....##..#..###. #. #.#
##..###.....# #..##.##..
##..##.....####.##..#..##
#..##..###..##..##..#..##
#.##..# #...#.#..##)##..
#.#..# #......##..#..##
##.#.# #...#..##..#R.## #
#..## #..##.#).##.##..


You could see a cyclops.

Vanquished Creatures
  A slime creature (D:7)
  A shadow (D:6)
  A steam dragon (D:7)
  A vampire mosquito (D:7)
  2 water moccasins
  3 sky beasts
  An ice beast (D:6)
  A necrophage (D:5)
  2 ogres
  A centaur (D:7)
  A phantom (D:5)
  A kobold brigand (D:7)
  A bullfrog (D:7)
  A wyvern zombie (D:6)
  5 scorpions
  A gnoll sergeant (D:7)
  A water moccasin zombie (D:6)
  A howler monkey (D:7)
  6 hounds
  3 jellies
  2 orc priests (D:6)
  A centaur skeleton (D:7)
  A bullfrog skeleton (D:6)
  2 iguanas
  5 orc wizards
  A howler monkey zombie (D:5)
  5 gnolls
  A howler monkey skeleton (D:5)
  3 adders
  A shadow imp (D:6)
  An adder skeleton (D:5)
  4 worms
  A dart slug (D:4)
  25 orcs
  6 ball pythons
  7 bats
  7 endoplasms
  A giant cockroach (D:4)
  7 goblins
  9 hobgoblins
  3 quokkas
  A frilled lizard (D:3)
  3 kobolds
  2 rats
134 creatures vanquished.

Vanquished Creatures (collateral kills)
  A basilisk (D:7)
  A scorpion (D:7)
  A howler monkey (D:7)
  A hound (D:7)
  A gnoll (D:7)
5 creatures vanquished.

Vanquished Creatures (others)
  2 ancestors (D:7)
  A fulminant prism (D:6)
  A plant (D:6)
4 creatures vanquished.

Grand Total: 143 creatures vanquished

Notes
Turn   | Place    | Note
-------+----------+-------------------------------------------
     0 | D:1      | Fartwhistle the Draconian Conjurer began the quest for the
                  | Orb.
     0 | D:1      | Reached XP level 1. HP: 14/14 MP: 3/3
   444 | D:1      | Reached XP level 2. HP: 20/20 MP: 1/5
  1045 | D:2      | Reached XP level 3. HP: 26/26 MP: 1/6
  1181 | D:2      | You fall into a shaft and drop 1 floor!
  1880 | D:3      | Learned a level 2 spell: Searing Ray
  2186 | D:3      | Reached skill level 5 in Conjurations
  2198 | D:3      | Noticed a water moccasin
  2216 | D:3      | Killed a water moccasin
  2217 | D:3      | Reached XP level 4. HP: 20/33 MP: 0/8
  2217 | D:3      | Reached XP level 5. HP: 23/38 MP: 0/9
  2957 | D:3      | Learned a level 3 spell: Dazzling Flash
  3065 | D:3      | Reached skill level 6 in Conjurations
  3682 | D:4      | Reached skill level 1 in Fighting
  3878 | D:4      | Reached XP level 6. HP: 47/47 MP: 7/11
  4343 | D:5      | Entered Level 5 of the Dungeon
  4536 | D:5      | Your scales start taking on a pale cyan-grey colour.
  4536 | D:5      | Reached XP level 7. HP: 56/56 MP: 0/13
  4536 | D:5      | Gained mutation: You are immune to the effects of steam.
                  | [Pale Draconian growth]
  5109 | D:5      | Reached skill level 7 in Conjurations
  5263 | D:5      | Reached skill level 5 in Spellcasting
  5801 | D:5      | Learned a level 4 spell: Iskenderun's Mystic Blast
  5806 | D:5      | Learned a level 4 spell: Fulminant Prism
  5935 | D:6      | Reached XP level 8. HP: 66/66 MP: 12/15
  6133 | D:6      | Found a staircase to the Ecumenical Temple.
  6159 | Temple   | Entered the Ecumenical Temple
  6334 | Temple   | Became a worshipper of Hepliaklqana the Forgotten
  6670 | D:6      | Found Qytax's Hydra Hut.
  6674 | D:6      | Noticed a six-headed hydra
  6693 | D:6      | Reached skill level 8 in Conjurations
  7204 | D:6      | Noticed a five-headed hydra
  7638 | D:7      | Reached XP level 9. HP: 71/71 MP: 16/19
  7797 | D:7      | Reached skill level 9 in Conjurations
  8227 | D:7      | Reached * piety under Hepliaklqana
  8301 | D:7      | Reached skill level 5 in Fighting
  9065 | D:7      | Noticed a deep elf pyromancer
  9074 | D:7      | Noticed a cyclops
  9093 | D:7      | Hit by a large rock thrown by a cyclops

Illustrated notes

Levels and vault maps discovered:
D:1:      amcnicky_arrival_choice, layout_basic, hex_intersection
D:2:      layout_loops_ring, due_unseen_surprise
D:3:      layout_basic, kennysheep_generic_room_5
D:4:      layout_cave_pods, minmay_surrounded
D:5:      layout_loops_ring
D:6:      minmay_cornered_nines, layout_rooms, minmay_temple_entry_glass,
          doesnt_shop_hydraphobe
D:7:      minmay_the_grid_octo_triangle [minmay_the_grid_octo_77,
          minmay_the_grid_octo_prize_big_c, minmay_the_grid_octo_checkerflower],
          layout_layer_cave, grunt_tough_drop
Temple:   mainiacjoe_temple_coin_purse

Skill      XL: |  1  2  3  4  5  6  7  8  9 |
---------------+----------------------------+-----
Conjurations   | 5 6 7 8 9 |  9.8
Spellcasting   | 3 4 5 6 7 |  7.8
Fighting       | 1 2 4 6 |  6.1
Dodging        | 2 3 |  3.0
Stealth        | |  1.7

Action                   |  1- 3 |  4- 6 |  7- 9 || total
-------------------------+-------+-------+-------++-------
Melee: Dagger            |    30 |    12 |       ||    42
       Tailslap          |     3 |       |     2 ||     5
       Flail             |       |       |    27 ||    27
 Cast: Magic Dart        |    57 |    75 |   154 ||   286
       Searing Ray       |     2 |     9 |    30 ||    41
       Dazzling Flash    |       |       |     3 ||     3
       Fulminant Prism   |       |       |     1 ||     1
Invok: Ancestor Identity |       |       |     1 ||     1
 Abil: Breathe Steam     |       |       |    24 ||    24
  Use: Scroll            |     4 |     2 |     3 ||     9
       Potion            |     2 |     1 |     1 ||     4
 Stab: Sleeping          |     1 |     2 |       ||     3
       Distracted        |       |       |     1 ||     1
Armor: Skin              |    18 |     6 |    39 ||    63
Dodge: Dodged            |    24 |    17 |    43 ||    84
Block: Other             |       |       |    11 ||    11
       Reflection        |       |       |     3 ||     3
